Map: Port Aleksander LE

Players

Probe - Winner!

  • Race: Protoss Protoss
  • Spawn Location: 11:00

Cloudy

  • Race: Protoss Protoss
  • Spawn Location: 5:00

Event: 2019 WCS Spring

VOD

Have the link to the VOD?

Description

Time

  • Played on: May 17, 2019, 1:58 p.m.
  • Length: 14:08

All games in this series

Show
View Real Time Build Order
Export as new Build Order

Probe Protoss - Winner!

Build Orders: Oracle Opening 

Get SALT Encoding   

  12  0:00  Probe  
  13  0:12  Probe  
  14  0:20  Pylon  
  14  0:24  Probe  
  15  0:34  Probe  
  15  0:39  Gateway  
  15  0:42  Probe  
  16  0:47  Assimilator  
  17  0:52  Probe  
  17  0:56  Assimilator  
  18  1:00  Probe  
  18  1:08  Probe  
  18  1:11  Gateway  
  20  1:18  Probe  
  21  1:30  Probe  
  21  1:31  Cybernetics Core  
  22  1:37  Pylon  
  22  1:43  Probe  
  23  1:55  Probe  
  24  2:07  Probe, Adept x2  
  29  2:11  Stargate  
  29  2:18  Warp Gate  
  29  2:19  Probe  
  30  2:24  Pylon  
  30  2:32  Probe  
  31  2:42  Stalker  
  33  2:47  Oracle  
  36  3:06  Pylon  
  36  3:08  Shield Battery  
  36  3:18  Oracle  
  36  3:39  Probe  
  36  3:44  Nexus  
  36  3:52  Robotics Facility  
  36  4:05  Shield Battery  
  36  4:16  Sentry, Probe  
  36  4:34  Gateway  
  36  4:38  Pylon  
  33  4:39  Immortal  
  33  4:41  Sentry  
  39  4:50  Stalker  
  41  4:55  Probe  
  41  4:57  Shield Battery  
  42  5:05  Shield Battery  
  42  5:09  Probe x2  
  44  5:21  Immortal  
  48  5:29  Probe  
  47  5:36  Sentry  
  47  5:37  Stalker  
  47  5:38  Probe  
  47  5:41  Probe  
  53  5:52  Warp Prism  
  53  5:54  Shield Battery  
  53  5:59  Stalker  
  53  6:00  Stalker  
  59  6:10  Stalker  
  59  6:13  Probe x2  
  59  6:16  Phoenix  
  59  6:17  Pylon  
  60  6:31  Stalker  
  60  6:32  Probe  
  62  6:35  Probe  
  62  6:36  Stalker  
  62  6:38  Observer  
  66  6:42  Pylon  
  66  6:49  Probe  
  66  7:00  Probe  
  67  7:04  Pylon  
  67  7:05  Pylon  
  67  7:09  Pylon  
  67  7:14  Zealot  
  69  7:24  Stalker  
  69  7:29  Stalker  
  67  7:38  Probe x2  
  69  7:45  Stalker  
  65  8:02  Stalker x2  
  69  8:07  Probe x2  
  69  8:12  Forge  
  71  8:15  Adept  
  71  8:16  Probe x2, Twilight Council  
  75  8:22  Assimilator  
  75  8:23  Assimilator  
  75  8:24  Probe x2  
  75  8:32  Protoss Ground Weapons Level 1  
  75  8:33  Probe  
  71  8:36  Probe  
  71  8:37  Adept x3  
  79  8:59  Nexus  
  79  9:01  Stalker x3  
  83  9:10  Probe  
  85  9:17  Probe  
  85  9:20  Charge  
  85  9:22  Probe  
  86  9:24  Sentry  
  86  9:25  Zealot  
  81  9:39  Gateway  
  81  9:42  Gateway  
  81  9:44  Gateway  
  81  9:46  Templar Archives  
  81  9:48  Gateway  
  79  10:00  Zealot x3  
  79  10:06  Pylon  
  85  10:14  Gateway  
  85  10:22  Pylon  
  85  10:26  High Templar  
  85  10:27  High Templar  
  89  10:31  Shield Battery, Archon  
  89  10:32  High Templar  
  89  10:33  High Templar, Shield Battery  
  89  10:34  Shield Battery  
  93  10:35  Observer  
  93  10:38  Archon  
  93  10:46  Zealot x2  
  93  10:47  Shield Battery  
  97  10:54  Shield Battery  
  97  10:55  Zealot, Protoss Ground Weapons Level 2  
  99  11:04  Zealot x2  
  103  11:15  High Templar  
  103  11:16  High Templar  
  107  11:23  Archon  
  107  11:24  Zealot x4  
  89  11:42  Zealot x2  
  86  11:49  Zealot x5  
  86  11:50  Zealot  
  57  12:05  Zealot  
  57  12:06  Zealot  
  54  12:14  Zealot  
  54  12:15  Zealot x3  
  55  12:27  High Templar x2, Probe  
  55  12:28  Probe  
  60  12:31  Probe, Archon  
  60  12:35  Probe  
  62  12:37  Probe  
  62  12:43  Probe  
  65  12:55  High Templar x2  
  69  13:00  Probe x2, Archon  
  71  13:11  Probe, Shield Battery  
  71  13:12  Probe  
  72  13:27  Probe x3  
  75  13:35  Sentry, Probe x2  
  75  13:36  Probe  
  75  13:38  Observer  
  80  13:45  Probe x3  
  81  13:55  Zealot  
  81  13:56  Zealot  
  86  14:04  Zealot x2  
Show
View Real Time Build Order
Export as new Build Order

Cloudy Protoss 

Build Orders: Phoenix Opening 

Get SALT Encoding   

  12  0:01  Probe  
  13  0:13  Probe  
  14  0:18  Pylon  
  14  0:25  Probe  
  15  0:33  Probe  
  15  0:40  Gateway  
  15  0:41  Probe  
  17  0:51  Assimilator, Probe  
  18  0:59  Assimilator  
  18  1:03  Probe  
  19  1:11  Probe  
  20  1:18  Gateway  
  20  1:19  Probe  
  21  1:27  Cybernetics Core  
  21  1:30  Probe  
  22  1:39  Pylon  
  22  1:42  Probe  
  23  1:57  Probe  
  24  2:07  Adept  
  24  2:08  Warp Gate, Sentry  
  28  2:27  Pylon  
  28  2:28  Pylon  
  28  2:42  Stalker  
  30  2:45  Stalker  
  32  2:53  Shield Battery  
  32  2:54  Pylon  
  32  3:02  Stargate  
  32  3:13  Pylon  
  32  3:18  Pylon  
  31  3:33  Probe  
  32  3:37  Phoenix  
  32  3:42  Robotics Facility  
  34  3:50  Probe  
  33  3:59  Stalker x2  
  33  4:01  Phoenix  
  37  4:09  Probe  
  40  4:21  Probe  
  37  4:33  Probe  
  38  4:39  Phoenix  
  38  4:41  Immortal  
  42  4:50  Pylon  
  42  5:06  Nexus  
  42  5:08  Probe  
  42  5:10  Pylon  
  42  5:12  Phoenix, Sentry  
  46  5:29  Warp Prism  
  46  5:32  Probe  
  48  5:44  Probe  
  49  5:56  Probe  
  50  6:04  Immortal  
  50  6:09  Probe  
  55  6:16  Probe  
  55  6:21  Probe  
  57  6:36  Probe  
  57  6:37  Probe  
  57  6:39  Immortal  
  59  6:44  Twilight Council  
  63  7:01  Probe x2  
  63  7:04  Pylon  
  63  7:06  Shield Battery  
  63  7:07  Pylon  
  65  7:17  Shield Battery  
  65  7:19  Shield Battery  
  63  7:23  Sentry x2  
  63  7:28  Immortal  
  63  7:29  Resonating Glaives  
  71  7:46  Probe x2  
  71  7:50  Pylon  
  73  7:53  Gateway  
  73  7:54  Gateway  
  61  8:07  Immortal  
  61  8:08  Zealot x2  
  67  8:21  Gateway  
  67  8:23  Gateway  
  67  8:33  Adept x2  
  69  8:48  Gateway  
  69  8:55  Adept x2, Gateway  
  69  8:56  Adept x2  
  77  9:12  Probe x2  
  81  9:17  Adept x4  
  88  9:25  Pylon  
  88  9:27  Phoenix  
  88  9:41  Pylon  
  86  9:47  Probe  
  86  9:48  Probe  
  80  10:00  Pylon  
  80  10:12  Warp Prism  
  80  10:14  Adept x8  
  98  10:35  Adept x4  
  102  10:41  Adept  
  106  10:42  Adept  
  106  10:47  Adept  
  110  11:17  Pylon  
  110  11:19  Pylon  
  110  11:21  Pylon  
  92  11:34  Adept x8  
  72  11:55  Warp Prism  
  72  11:56  Adept x6  
  40  12:20  Adept x4  
  44  12:27  Adept x2  
  48  12:39  Immortal  
  50  12:54  Adept x4  
  50  12:57  Adept  
  56  13:13  Dark Shrine  
  56  13:17  Adept x2  
  60  13:26  Observer  
  62  13:29  Probe x2  
  62  13:30  Assimilator  
  62  13:33  Assimilator  
  63  13:41  Probe x2  
  63  14:00  Stalker  
Tags
 
Add a new tag
Caveats
  • Supply blocks, unpowered buildings, or Contaminate may cause inaccurate times.
  • Supply counts are checked every 10 seconds.